 Dungeon Crawl Stone Soup version 0.18-a0-1292-ge8ad84c (webtiles) character file.

3946 abixa the Jinx (level 10, -3/70 HPs)
             Began as a Human Skald on Feb 9, 2016.
             Was a Believer of Okawaru.
             Killed from afar by a lava snake (10 damage)
             ... with a glob of lava
             ... in a labyrinth.
             The game lasted 00:40:09 (8675 turns).

abixa the Jinx (Human Skald)                        Turns: 8675, Time: 00:40:10

Health: -3/70      AC:  8    Str: 13    XL:     10   Next: 44%
Magic:  10/13      EV: 11    Int: 14    God:    Okawaru [**....]
Gold:   231        SH:  2    Dex: 14    Spells: 4 memorised, 5 levels left

rFire  + + .     SeeInvis .     a - +2 whip (elec)
rCold  x . .     Gourm    .     s - +0 ring mail
rNeg   . . .     Faith    .     (no shield)
rPois  .         Spirit   .     M - +2 helmet of Tosuwuk {rElec MR+ Slay+2}
rElec  +         Dismiss  .     (no cloak)
rCorr  .         Reflect  +     (no gloves)
SustAt .         Harm     .     (no boots)
MR     +....                    S - +2 amulet of reflection
Stlth  +.........               q - ring of protection from fire
                                n - ring of fire

@: infused (expiring), somewhat resistant to hostile enchantments, very
unstealthy
A: no striking features
a: Heroism, Renounce Religion


You were in a labyrinth.
You worshipped Okawaru.
Okawaru was pleased with you.
You were not hungry.

You visited 3 branches of the dungeon, and saw 11 of its levels.
You also visited: Labyrinth and Ossuary.

You collected 465 gold pieces.
You spent 234 gold pieces at shops.

Inventory:

Hand Weapons
 a - a +2 whip of electrocution (weapon)
 x - a cursed +0 halberd
 G - a +0 blowgun
 U - a +0 trident
Missiles
 C - 48 poisoned needles
 D - 11 tomahawks (quivered)
Armour
 s - a +0 ring mail (worn)
 M - the +2 helmet of Tosuwuk (worn) {rElec MR+ Slay+2}
   (You took it off Robin on level 4 of the Dungeon)

   It affects your accuracy and damage with ranged weapons and melee attacks
   (+2).
   It insulates you from electricity.
   It affects your resistance to hostile enchantments.
Jewellery
 f - an uncursed ring of see invisible
 i - a +3 ring of dexterity
 n - a ring of fire (left hand)
 q - a ring of protection from fire (right hand)
 B - an uncursed amulet of regeneration
 S - a +2 amulet of reflection (around neck)
Wands
 F - a wand of hasting (2/9)
 T - a wand of digging (8/24)
 Y - a wand of disintegration (16/24)
Scrolls
 c - 2 scrolls of brand weapon
 m - 4 scrolls of teleportation
 t - 2 scrolls of blinking
 v - 9 scrolls of remove curse
 w - a scroll of fear
 A - 2 scrolls of fog
 P - 2 scrolls of immolation
Potions
 b - a potion of ambrosia {unknown}
 d - 4 potions of might
 e - 2 potions of berserk rage {unknown}
 g - 4 potions of flight
 h - a potion of lignification {unknown}
 j - 4 potions of haste
 l - a potion of invisibility {unknown}
 u - 3 potions of agility
 z - 4 potions of curing
 J - a potion of heal wounds {unknown}
 K - a potion of mutation {unknown}
 N - 3 potions of brilliance
 Q - a potion of resistance {unknown}
 R - a potion of magic {unknown}
Comestibles
 p - 4 chunks of flesh
 E - 7 bread rations
 L - 3 beef jerkies
 O - 3 fruits


   Skills:
 + Level 3.6 Fighting
 - Level 3.3 Polearms
 + Level 2.8 Armour
 + Level 2.9 Dodging
 - Level 2.0 Spellcasting
 - Level 9.0 Hexes
 + Level 8.6 Charms
 - Level 5.0 Translocations
 - Level 1.0 Invocations


You had 5 spell levels left.
You knew the following spells:

 Your Spells              Type           Power        Failure   Level  Hunger
a - Infusion              Chrm           ####         1%          1    ##.....
b - Song of Slaying       Chrm           ####....     1%          2    ###....
c - Shroud of Golubria    Chrm/Tloc      ###.......   6%          2    ###....
d - Spectral Weapon       Hex/Chrm       ####....     4%          3    ####...


Dungeon Overview and Level Annotations

Branches:
Dungeon (9/15)             Temple (1/1) D:6            Lair (1/8) D:9
    Orc: D:9-12

Altars:
Ashenzari
Cheibriados
Dithmenos
Elyvilon
Fedhas
Gozag
Kikubaaqudgha
Makhleb
Nemelex Xobeh
Okawaru
Pakellas
Qazlal
Ru
Sif Muna
Trog
Vehumet
Xom
Yredelemnul
Zin
The Shining One

Shops:
D:3 *   D:8 ?


Message History

You block the lava snake's attack.
You hit the lava snake!
The lava snake is almost dead.
The lava snake spits lava at you. The glob of lava hits you!
You partially resist. The lava snake spits lava at you.
The glob of lava hits you! You partially resist.
Unknown command.
You barely miss the lava snake.
The lava snake is almost dead.
The lava snake spits lava at you. The glob of lava hits you!
You partially resist.
* * * LOW HITPOINT WARNING * * *
The lava snake spits lava at you. The glob of lava hits you!
You partially resist.
* * * LOW HITPOINT WARNING * * *
Your magical infusion is running out.
The lava snake spits lava at you. The glob of lava hits you!
You partially resist.
You die...

# # ###.# #.
.# ######. ##
.#.#...#
#.#.#.###
#.#...#
###.#.###
#.....#
#######@###
..........#
#.≈≈≈SS..##
#.≈(?)S....
#.≈$÷)≈.###.#
..≈(?§≈.# #
#.≈§≈≈≈.#
#...§...#
#.###.#.#


You could see 3 lava snakes.

Vanquished Creatures
  A fire drake (D:9)
  Sigmund (D:3)
  Eustachio (D:4)
  A human (D:4)
  A hippogriff (D:8)
  A sky beast (D:6)
  Duvessa (D:6)
  An orc warrior (D:8)
  3 ice beasts (D:8)
  2 black bears (D:8)
  2 ogres
  3 centaurs
  A wyvern zombie (D:9)
  4 giant frogs (D:7)
  Dowan (D:6)
  4 scorpions
  4 wights (D:8)
  A lava snake (Lab)
  4 crimson imps
  3 human zombies (Ossuary)
  2 jellies
  2 centaur zombies
  A giant frog zombie (D:5)
  3 orc priests
  4 hounds
  3 iguanas
  5 orc wizards
  3 big kobold zombies (Ossuary)
  A hound zombie (D:8)
  2 mummies (Ossuary)
  3 worker ant zombies
  Robin (D:4)
  4 gnolls (D:8)
  9 adders
  2 shadow imps
  An ooze (D:3)
  2 adder skeletons
  5 worms
  4 giant geckos
  16 orcs
  2 ball pythons (D:3)
  4 giant cockroaches
  11 goblins
  8 hobgoblins
  7 jackals
  2 quokkas
  9 bats
  A giant gecko skeleton (D:4)
  7 giant newts
  A goblin skeleton (D:4)
  2 goblin zombies (Ossuary)
  8 hobgoblin zombies (Ossuary)
  A jackal skeleton (D:8)
  2 jackal zombies (Ossuary)
  12 kobolds
  6 kobold zombies (Ossuary)
  11 orc zombies (Ossuary)
  5 rats
212 creatures vanquished.

Vanquished Creatures (others)
  A deep elf annihilator (D:6)
  2 plants (D:8)
3 creatures vanquished.

Grand Total: 215 creatures vanquished

Notes
Turn   | Place    | Note
--------------------------------------------------------------
     0 | D:1      | abixa the Human Skald began the quest for the Orb.
     0 | D:1      | Reached XP level 1. HP: 16/16 MP: 3/3
   258 | D:1      | Reached XP level 2. HP: 22/22 MP: 5/5
   832 | D:2      | Reached XP level 3. HP: 24/27 MP: 6/6
  1256 | D:2      | Reached XP level 4. HP: 33/33 MP: 4/7
  1413 | D:2      | Reached skill level 4 in Charms
  1742 | D:3      | Noticed Sigmund
  1906 | D:3      | Found Gozag's Platinum Reserve.
  1932 | D:3      | Reached XP level 5. HP: 11/38 MP: 6/8
  2054 | D:3      | Found an opulent altar of Gozag.
  2101 | D:3      | Reached skill level 5 in Charms
  2187 | D:3      | Learned a level 2 spell: Song of Slaying
  2190 | D:3      | Learned a level 2 spell: Shroud of Golubria
  2194 | D:3      | Learned a level 3 spell: Spectral Weapon
  2339 | D:4      | Noticed Eustachio
  2348 | D:4      | Killed Eustachio
  2348 | D:4      | Reached skill level 6 in Charms
  2348 | D:4      | Reached XP level 6. HP: 41/44 MP: 1/9
  2358 | D:4      | Noticed Robin
  2394 | D:4      | Killed Robin
  2411 | D:4      | Got a polished helmet
  2422 | D:4      | Identified the +2 helmet of Tosuwuk {rElec MR+ Slay+2} (You took it off Robin on level 4 of the Dungeon)
  2553 | D:4      | Found a runed door.
  2553 | D:4      | Noticed a human
  2557 | D:4      | Found a basalt altar of Yredelemnul.
  2571 | D:4      | Killed a human
  2571 | D:4      | Reached skill level 7 in Charms
  2571 | D:4      | Reached XP level 7. HP: 35/50 MP: 4/10
  2644 | D:4      | Found a radiant altar of Vehumet.
  2983 | D:4      | Reached skill level 1 in Hexes
  3448 | D:5      | Entered Level 5 of the Dungeon
  3895 | D:5      | Found a blossoming altar of Fedhas.
  3901 | D:5      | Reached XP level 8. HP: 56/56 MP: 5/11
  4306 | D:6      | Reached skill level 5 in Hexes
  4373 | D:6      | Noticed Dowan
  4427 | D:6      | Killed Dowan
  4610 | D:6      | Noticed Duvessa
  4649 | D:6      | Killed Duvessa
  4792 | D:6      | Found an oddly glowing altar of Pakellas.
  4793 | D:6      | Noticed a deep elf annihilator
  4802 | D:6      | Killed a deep elf annihilator
  5034 | D:6      | Found a staircase to the Ecumenical Temple.
  5038 | D:6      | Reached XP level 9. HP: 61/61 MP: 7/12
  5048 | Temple   | Entered the Ecumenical Temple
  5099 | Temple   | Became a worshipper of Warmaster Okawaru
  5389 | D:7      | Found a sand-covered staircase.
  5410 | Ossuary  | Entered an ossuary
  5592 | Ossuary  | Reached skill level 8 in Charms
  5840 | D:7      | Reached skill level 1 in Translocations
  6683 | D:3      | Killed Sigmund
  6848 | D:8      | Found a glowing golden altar of the Shining One.
  6849 | D:8      | Found a shattered altar of Ashenzari.
  7083 | D:8      | Reached * piety under Okawaru
  7089 | D:8      | Found Win Xoeh's Magic Scroll Shoppe.
  7092 | D:8      | Bought a scroll of identify for 24 gold pieces
  7092 | D:8      | Bought a scroll of identify for 24 gold pieces
  7092 | D:8      | Bought a scroll of identify for 24 gold pieces
  7092 | D:8      | Bought a scroll of identify for 24 gold pieces
  7092 | D:8      | Bought a scroll of random uselessness for 12 gold pieces
  7092 | D:8      | Bought a scroll of fog for 24 gold pieces
  7092 | D:8      | Bought a scroll of identify for 24 gold pieces
  7092 | D:8      | Bought a scroll of teleportation for 36 gold pieces
  7092 | D:8      | Bought a scroll of fear for 42 gold pieces
  7688 | D:8      | Reached skill level 9 in Hexes
  7688 | D:8      | Reached XP level 10. HP: 67/67 MP: 7/13
  7741 | D:8      | Reached skill level 1 in Invocations
  8015 | D:8      | Reached ** piety under Okawaru
  8015 | D:8      | Reached skill level 5 in Translocations
  8099 | D:8      | Found a stormy altar of Qazlal.
  8460 | D:9      | Found a staircase to the Lair.
  8598 | Lair:1   | Entered Level 1 of the Lair of Beasts
  8624 | Lair:1   | Found a labyrinth entrance.
  8630 | Lair:1   | Noticed a komodo dragon
  8633 | Lab      | Entered a labyrinth
  8675 | Lab      | Killed from afar by a lava snake

Vault maps used:
D:1:      roderic_dead_forest, minivault_25, minmay_ruptured
D:3:      nicolae_gozag_zags_fifth_avenue, st_stairs_14, uniq_sigmund
D:4:      vehumet_crystals, dk_yredelemnul_ordeal, uniq_robin, uniq_eustachio
D:5:      first_bread, basic_altar
D:6:      gammafunk_pakellas_spire_experiment, minmay_temple_entry_poolview,
          uniq_duvessa
D:7:      nicolae_ossuary_entry_plus, kennysheep_generic_room_4
D:8:      gammafunk_temple_overflow_forgotten, serial_shops,
          kennysheep_mini_moat
D:9:      minmay_lair_entry_lava, david_orc_4, special_room
Temple:   water_room_temple_a_12
Lair:1:   nicolae_volcano_entry_vermiform, lab_entry_generic,
          lemuel_fruit_fields
Lab:      nicolae_lab_dead_adventurers, nicolae_lab_lava,
          nicolae_lab_flowing_pool, labyrinth_lava_lair, nicolae_lab_blocks,
          nicolae_lab_hexagon, nicolae_lab_starburst, nicolae_lab_t_cross,
          lab_statue, nicolae_lab_x
Ossuary:  ossuary_tomb_1

Action                   |  1- 3 |  4- 6 |  7- 9 | 10-12 || total
-------------------------+-------+-------+-------+-------++-------
Melee: Spear             |   103 |     6 |       |       ||   109
       Whip              |     7 |   128 |   336 |    74 ||   545
 Fire: Blowgun           |       |       |    33 |     8 ||    41
Throw: Stone             |       |       |     5 |       ||     5
       Tomahawk          |       |       |       |     1 ||     1
 Cast: Infusion          |     8 |     6 |    18 |     4 ||    36
       Shroud of Golubri |       |     1 |    14 |     3 ||    18
  Use: Scroll            |       |       |     9 |     4 ||    13
 Stab: Sleeping          |     1 |       |       |       ||     1
  Eat: Chunk             |     1 |     5 |    17 |     4 ||    27
       Fruit             |       |       |       |     1 ||     1
